Map: Wieczny Sen ER

Players

Krystianer - Winner!

  • Race: Protoss Protoss
  • League: Grandmaster
  • Spawn Location: 1:00

SI 1 (Bardzo łatwa)

  • Race: Terran Terran
  • Spawn Location: 7:00

VOD

Have the link to the VOD?

Description

Time

  • Played on: Sept. 19, 2020, 1:39 a.m.
  • Length: 6:44
Show
View Real Time Build Order
Export as new Build Order

Krystianer Protoss - Winner!

Build Orders: 1 Gate Expand, Dark Templar Rush 

Get SALT Encoding   

  12  0:00  Probe  
  13  0:12  Probe  
  14  0:17  Pylon  
  14  0:24  Probe (Chrono Boost)  
  15  0:36  Probe (Chrono Boost), Gateway  
  16  0:44  Probe (Chrono Boost)  
  16  0:45  Assimilator  
  17  0:50  Probe  
  18  1:02  Probe  
  19  1:15  Probe  
  20  1:20  Nexus  
  20  1:26  Unknown x3  
  20  1:31  Cybernetics Core  
  20  1:34  Probe  
  20  1:39  Assimilator  
  21  1:46  Probe  
  22  1:49  Pylon  
  22  1:58  Probe  
  23  2:04  Adept (Chrono Boost)  
  23  2:08  Warp Gate  
  25  2:10  Probe  
  26  2:22  Probe (Chrono Boost)  
  27  2:25  Twilight Council  
  27  2:27  Stalker  
  29  2:32  Probe (Chrono Boost)  
  29  2:34  Probe (Chrono Boost)  
  31  2:42  Probe x2 (Chrono Boost)  
  33  2:47  Probe (Chrono Boost)  
  33  2:48  Probe  
  35  2:55  Robotics Facility  
  35  2:59  Probe  
  35  3:00  Probe  
  37  3:07  Gateway  
  37  3:11  Gateway  
  37  3:14  Probe  
  37  3:15  Probe  
  39  3:23  Dark Shrine  
  39  3:26  Probe  
  40  3:27  Probe  
  40  3:28  Pylon  
  41  3:35  Assimilator  
  41  3:39  Probe  
  41  3:40  Warp Prism (Chrono Boost), Probe  
  45  3:51  Probe  
  45  3:52  Probe  
  47  3:57  Pylon  
  47  4:02  Pylon  
  47  4:04  Stalker x2  
  51  4:22  Gateway  
  51  4:23  Gateway  
  51  4:35  Dark Templar x3  
  51  4:38  Shadow Stride (Chrono Boost)  
  57  4:39  Gateway  
  57  4:40  Charge (Chrono Boost), Gateway  
  57  4:45  Gateway  
  57  5:00  Pylon  
  57  5:05  Probe  
  58  5:10  Zealot x3  
  64  5:21  Dark Templar  
  64  5:22  Dark Templar  
  64  5:26  Nexus  
  68  5:32  Zealot x3  
  74  5:39  Dark Templar  
  76  5:42  Pylon  
  76  5:44  Pylon  
  76  6:01  Dark Templar  
  76  6:02  Zealot x4  
  76  6:03  Zealot  
  88  6:21  Zealot x2  
  88  6:22  Zealot  
  94  6:30  Robotics Bay  
  94  6:33  Forge  
  94  6:35  Assimilator  
Show
View Real Time Build Order
Export as new Build Order

SI 1 (Bardzo łatwa) Terran 

Build Orders:  

Get SALT Encoding   

  12  0:00  SCV  
  13  0:13  SCV  
  14  0:18  Supply Depot  
  14  0:37  Refinery  
  14  0:42  Barracks  
  14  1:03  Supply Depot  
  14  1:12  Refinery  
  14  1:29  Barracks Tech Lab  
  14  1:30  Orbital Command  
  14  1:47  Marine  
  15  1:56  SCV  
  16  2:08  SCV  
  17  2:20  SCV  
  18  2:32  SCV  
  18  2:36  Marine  
  20  2:44  SCV  
  21  2:56  SCV  
  22  3:25  Marauder  
  24  4:53  SCV  
  23  5:05  SCV  
  24  6:16  Supply Depot  
  21  6:20  SCV  
Tags
 
Add a new tag
Caveats
  • Supply blocks, unpowered buildings, or Contaminate may cause inaccurate times.
  • Supply counts are checked every 10 seconds.